 Dungeon Crawl Stone Soup version 0.31-a0-516-gfcb59812bd (webtiles) character file.

Game seed: 12980217507454510861

100 Gargoyl the Trooper (level 4, -4/29 HPs)
             Began as a Gargoyle Berserker on Aug 10, 2023.
             Was a Believer of Trog.
             Killed from afar by an orc wizard (9 damage)
             ... with a puff of flame
             ... on level 3 of the Dungeon.
             The game lasted 00:02:00 (1362 turns).

Gargoyl the Trooper (Gargoyle Berserker)            Turns: 1362, Time: 00:02:01

Health: -4/29      AC:  6    Str: 20    XL:     4   Next: 74%
Magic:  4/4        EV: 12    Int:  8    God:    Trog [**....]
Gold:   55         SH:  0    Dex: 11    Spells: 3/3 levels left

rFire   . . .        f - +0 war axe
rCold   + . .        (no shield)
rNeg    + . .        b - +1 animal skin
rPois   ∞            (no helmet)
rElec   +            (no cloak)
rCorr   .            (no gloves)
SInv    .            (no boots)
Will    .....        (no amulet)
Stlth   +            e - ring of protection from cold
HPRegen 0.24/turn    (no ring)
MPRegen 0.09/turn

%: no passive effects
@: on berserk cooldown, slowed, very slow
A: sickness immunity, AC +3, negative energy resistance 1, electricity
resistance, torment resistance 1, petrification resistance
a: Renounce Religion, Berserk, Trog's Hand


You were on level 3 of the Dungeon.
You worshipped Trog.
Trog was pleased with you.
You visited 1 branch of the dungeon, and saw 3 of its levels.

You collected 55 gold pieces.

Inventory:

Hand Weapons
 a - a +0 hand axe
 f - a +0 war axe (weapon)
Armour
 b - a +1 animal skin (worn)
Jewellery
 e - a ring of protection from cold (left hand)
Scrolls
 d - a scroll of amnesia {unknown}
 i - a scroll of vulnerability {unknown}
 j - a scroll of identify {unknown}
Potions
 c - a potion of curing
 g - 2 potions of brilliance {unknown}
 h - a potion of mutation {unknown}


   Skills:
 + Level 3.9 Fighting
 + Level 3.9 Axes
 + Level 2.3 Armour
 + Level 2.3 Dodging
 + Level 0.3 Stealth


You had 3 spell levels left.
You didn't know any spells.
Your spell library was empty.

Dungeon Overview and Level Annotations

Branches:
Dungeon (2/15)

Altars:
Qazlal


Innate Abilities, Weirdness & Mutations

You are immune to sickness and miasma.
Your stone body is resilient. (AC +3)
You are immune to poison.
You resist negative energy. (rN+)
You are resistant to electric shocks. (rElec)
You are resistant to unholy torment.
You are immune to petrification.


Message History

You closely miss the orc.
The orc is heavily wounded.
The orc completely misses you.
The orc hits you from afar with a +0 trident!
* * * LOW HITPOINT WARNING * * *
The orc wizard gestures wildly while chanting.
The orc wizard flickers and vanishes!
Deactivating autopickup; reactivate with Ctrl-A.
A red film seems to cover your vision as you go berserk!
You feel yourself moving faster!
You feel mighty! The orc barely misses you. x2
You closely miss the orc.
The orc is heavily wounded.
The orc closely misses you. The orc barely misses you.
You barely miss the orc.
The orc is heavily wounded.
The orc closely misses you.
The orc hits you from afar with a +0 trident.
* * * LOW HITPOINT WARNING * * *
You closely miss the orc. You punch the orc.
You kill the orc!
Trog accepts your kill.
The orc hits you from afar with a +0 trident.
* * * LOW HITPOINT WARNING * * *
The orc closely misses you.
Things that are here:
a +0 flail; an orc corpse You closely miss the orc.
The orc barely misses you.
You slash the orc!
You kill the orc!
Trog accepts your kill. Something hits you but does no damage.
You see here a +0 trident.
You miss something.
You are no longer berserk.
You are exhausted.
You feel yourself slow down.
You hear some strange, mumbled words.
A puff of flame appears from out of thin air!
The puff of flame hits you!
You die...

#
##.........##########
#..............>....
# #.##.........(#
###.###....#####.#
...####.#.## #.#
.#......#.# #.#
...###...#. #.#
.#####..# #. #)#
......... ## #@#
.#####.## #{# .# #o#
.# #.# .# #.# .# ..#
.## #.# ..## ##. ...#


You could see an orc.

Vanquished Creatures
  An orc priest (D:3)
  2 adders
  2 dart slugs
  6 orcs (D:3)
  3 ball pythons
  4 giant cockroaches
  5 goblins
  2 hobgoblins (D:1)
  2 quokkas
  8 bats
  3 frilled lizards
  2 kobolds
  4 rats
44 creatures vanquished.

Notes
Turn   | Place    | Note
-------+----------+-------------------------------------------
     0 | D:1      | Gargoyl the Gargoyle Berserker began the quest for the Orb.
     0 | D:1      | Reached XP level 1. HP: 14/14 MP: 1/1
   207 | D:1      | Reached XP level 2. HP: 17/19 MP: 2/2
   772 | D:1      | Reached XP level 3. HP: 24/24 MP: 3/3
  1107 | D:2      | Reached ** piety under Trog
  1109 | D:2      | You fall into a shaft and drop 1 floor!
  1109 | D:3      | Found a stormy altar of Qazlal.
  1243 | D:3      | Reached XP level 4. HP: 20/29 MP: 4/4
  1362 | D:3      | Killed from afar by an orc wizard

Illustrated notes

Levels and vault maps discovered:
D:1:      kennysheep_arrival_seaside, layout_loops_ring, chequers_garden,
          roderic_lattice_a
D:2:      layout_rooms, hellmonk_ecumenical_altar_arch_garden,
          hangedman_decor_growths, minmay_mini_jars
D:3:      layout_loops_ring, mainiacjoe_overflow_alcove_2

Skill      XL: |  1  2  3 |
---------------+----------+-----
Axes           | 3 |  3.9
Dodging        | 2 |  2.3
Fighting       | |  3.9
Armour         | |  2.3
Stealth        | |  0.3

Action                     |  1- 3 |  4- 6 || total
---------------------------+-------+-------++-------
  Melee: Hand axe          |    69 |       ||    69
         War axe           |    26 |    24 ||    50
         Punch             |       |     1 ||     1
 Invoke: Berserk           |     1 |     1 ||     2
         Trog's Hand       |       |     1 ||     1
    Use: Scroll            |     2 |       ||     2
         Potion            |       |     2 ||     2
   Stab: Sleeping          |       |     1 ||     1
 Armour: Animal skin       |    41 |     9 ||    50
  Dodge: Dodged            |    93 |    36 ||   129

Table legend: (Time is in decaauts)
 A = Elapsed time spent in this place.
 B = Non-inter-level travel time spent in this place.
 C = Inter-level travel time spent in this place.
 D = Time resting spent in this place.
 E = Time spent auto-exploring this place.
 F = Levels seen in this place.
 G = Mean time per level.
                   A        B        C        D        E       F      G
               +--------+--------+--------+--------+--------+-----+--------+
         Total |   1401 |   1345 |     56 |      0 |    941 |   3 |  467.0 |
       Dungeon |   1401 |   1345 |     56 |      0 |    941 |   3 |  467.0 |
               +--------+--------+--------+--------+--------+-----+--------+

Top non-repeatable levels by time:
     D:1: 996 daAuts
     D:3: 278 daAuts
     D:2: 126 daAuts
